Map: Neon Violet Square LE

Players

LaFantome - Winner!

  • Race: Zerg Zerg
  • League: Diamond
  • Spawn Location: 5:00

Grepdv

  • Race: Protoss Protoss
  • League: Diamond
  • Spawn Location: 11:00

VOD

Have the link to the VOD?

Description

Time

  • Played on: March 24, 2018, 12:58 p.m.
  • Length: 19:50
Show
View Real Time Build Order
Export as new Build Order

LaFantome Zerg - Winner!

Build Orders: Hatch First 

Get SALT Encoding   

  12  0:02  Drone  
  13  0:13  Overlord  
  13  0:18  Drone  
  14  0:31  Drone x2  
  14  0:35  Drone  
  17  0:54  Hatchery  
  16  0:57  Drone  
  16  1:01  Drone  
  18  1:12  Extractor  
  18  1:16  Spawning Pool  
  16  1:19  Drone  
  16  1:22  Drone  
  18  1:28  Drone  
  20  1:40  Drone  
  20  1:51  Hatchery  
  19  1:54  Drone  
  20  2:04  Drone  
  20  2:06  Drone  
  22  2:11  Queen  
  22  2:15  Drone  
  25  2:20  Overlord  
  25  2:26  Metabolic Boost  
  25  2:32  Zergling x4  
  27  2:41  Drone x2  
  29  2:48  Queen  
  31  2:53  Drone x2  
  31  2:54  Overlord  
  33  3:00  Drone  
  33  3:03  Drone  
  35  3:07  Drone  
  35  3:12  Drone  
  37  3:14  Overlord  
  37  3:28  Queen x2  
  37  3:32  Spore Crawler  
  40  3:36  Spore Crawler  
  40  3:38  Drone x5  
  44  3:56  Evolution Chamber  
  44  3:57  Overlord  
  44  4:01  Drone  
  44  4:02  Drone x9  
  53  4:09  Overlord  
  53  4:14  Zergling x6  
  56  4:22  Spore Crawler  
  55  4:28  Zergling x2  
  55  4:29  Zergling x4  
  55  4:30  Zergling x2  
  55  4:31  Zergling x4  
  61  4:39  Queen x3  
  61  4:40  Overlord  
  61  4:43  Drone  
  61  4:44  Drone x3  
  71  4:57  Overlord x2  
  70  5:02  Zerg Melee Weapons Level 1  
  70  5:03  Drone  
  70  5:04  Drone  
  70  5:05  Extractor  
  71  5:07  Extractor  
  70  5:14  Drone x6  
  70  5:32  Drone x11  
  70  5:33  Drone x2  
  70  5:35  Extractor  
  81  5:37  Extractor  
  81  5:39  Lair  
  80  5:44  Hatchery  
  79  5:57  Drone, Extractor  
  79  5:58  Drone x3  
  79  6:00  Drone x2  
  84  6:17  Spore Crawler  
  83  6:21  Zergling x2  
  83  6:22  Zergling x22  
  83  6:24  Overlord  
  92  6:34  Zergling x2  
  92  6:35  Zergling x4  
  92  6:39  Overseer x2, Hydralisk Den  
  94  6:48  Drone  
  94  6:49  Drone x8  
  103  6:55  Baneling Nest  
  103  6:56  Zerg Melee Weapons Level 2  
  102  7:11  Hydralisk, Grooved Spines  
  102  7:12  Hydralisk x3  
  102  7:14  Overlord x7  
  107  7:27  Hydralisk  
  107  7:28  Hydralisk x7  
  96  7:47  Hydralisk  
  96  7:48  Hydralisk x11  
  101  8:17  Drone x5  
  101  8:18  Drone x11  
  117  8:23  Muscular Augments  
  117  8:31  Centrifical Hooks  
  117  8:33  Infestation Pit  
  116  8:43  Drone  
  116  8:44  Drone x9  
  126  9:01  Zergling x2  
  126  9:02  Zergling x10  
  132  9:12  Hive, Zerg Missile Weapons Level 1  
  132  9:15  Spire  
  131  9:27  Zergling x12  
  131  9:28  Zergling x10  
  134  10:00  Extractor  
  134  10:01  Extractor  
  134  10:05  Drone x3  
  134  10:06  Drone x3  
  138  10:08  Spore Crawler  
  138  10:09  Spine Crawler x2  
  138  10:11  Spine Crawler  
  138  10:12  Spine Crawler  
  138  10:14  Spine Crawler  
  132  10:15  Spine Crawler  
  132  10:17  Hydralisk x7  
  132  10:18  Hydralisk x4, Spine Crawler x2, Hatchery  
  132  10:20  Zergling x2  
  132  10:21  Zergling x18  
  160  10:22  Overlord  
  160  10:27  Greater Spire  
  160  10:45  Overlord x3  
  160  10:46  Overlord  
  160  10:49  Overlord x3  
  160  10:50  Overlord x4  
  160  11:08  Corruptor  
  160  11:09  Corruptor x4  
  170  11:27  Baneling  
  170  11:28  Baneling x16  
  170  11:29  Baneling x12  
  162  11:36  Corruptor x2  
  152  11:43  Brood Lord  
  152  11:46  Drone  
  155  11:47  Drone x2  
  154  11:58  Brood Lord x2  
  158  12:05  Brood Lord x2  
  162  12:09  Brood Lord  
  162  12:13  Brood Lord  
  159  12:31  Zergling x2  
  159  12:32  Drone x9  
  159  12:33  Drone x4  
  148  12:57  Drone x7  
  155  13:14  Drone x2  
  155  13:16  Extractor  
  155  13:17  Hatchery  
  155  13:18  Extractor  
  154  13:24  Hatchery  
  153  13:33  Corruptor  
  153  13:34  Corruptor x5  
  155  13:37  Overlord x4  
  165  13:44  Adrenal Glands  
  165  13:46  Zerg Melee Weapons Level 3  
  164  14:05  Brood Lord  
  164  14:06  Brood Lord x2  
  164  14:07  Brood Lord x3  
  164  14:08  Hydralisk  
  164  14:09  Hydralisk x2  
  182  14:26  Zerg Flyer Armor Level 1  
  182  14:29  Pathogen Glands  
  182  14:33  Hydralisk x5  
  182  14:34  Hydralisk  
  182  14:37  Spore Crawler  
  193  14:42  Spore Crawler  
  190  15:26  Neural Parasite  
  180  15:32  Hydralisk x9  
  180  15:33  Hydralisk  
  194  16:18  Hydralisk  
  194  16:19  Hydralisk x2  
  194  16:23  Zerg Flyer Armor Level 2  
  184  16:40  Corruptor  
  184  16:41  Corruptor x6  
  132  17:29  Infestor, Corruptor  
  108  17:30  Corruptor  
  108  17:31  Corruptor x15  
  142  18:04  Hatchery  
  142  18:05  Hydralisk  
  141  18:06  Hydralisk x13  
  115  19:44  Spore Crawler  
  115  19:46  Spine Crawler  
  115  19:48  Spine Crawler  
Show
View Real Time Build Order
Export as new Build Order

Grepdv Protoss 

Build Orders: 1 Gate Expand 

Get SALT Encoding   

  12  0:00  Probe  
  13  0:13  Probe  
  14  0:20  Pylon  
  14  0:25  Probe  
  15  0:38  Probe  
  16  0:45  Gateway  
  16  0:51  Probe  
  17  1:15  Nexus  
  17  1:18  Probe  
  18  1:32  Cybernetics Core  
  18  1:40  Assimilator  
  18  1:42  Assimilator  
  18  1:44  Probe  
  19  1:56  Probe  
  20  2:08  Probe  
  21  2:11  Pylon  
  21  2:15  Adept  
  23  2:26  Probe (Chrono Boost)  
  24  2:30  Warp Gate, Probe (Chrono Boost)  
  26  2:37  Gateway  
  26  2:38  Probe (Chrono Boost)  
  26  2:39  Shield Battery  
  26  2:40  Probe (Chrono Boost)  
  26  2:44  Stalker  
  29  2:45  Probe (Chrono Boost)  
  29  2:50  Probe  
  31  2:57  Probe  
  32  3:03  Probe  
  33  3:08  Twilight Council  
  33  3:09  Probe  
  34  3:15  Probe  
  35  3:21  Probe  
  36  3:27  Probe  
  36  3:33  Probe  
  38  3:39  Probe  
  39  3:45  Probe  
  40  3:49  Nexus, Pylon  
  40  3:51  Charge (Chrono Boost)  
  40  3:56  Gateway  
  40  4:01  Dark Shrine  
  40  4:02  Probe  
  41  4:04  Assimilator  
  41  4:09  Assimilator  
  41  4:13  Probe  
  41  4:16  Probe  
  43  4:25  Probe  
  43  4:28  Probe  
  43  4:31  Pylon  
  45  4:32  Stalker  
  45  4:35  Adept  
  45  4:37  Probe  
  50  4:44  Probe  
  51  4:52  Probe  
  52  4:56  Probe  
  53  5:03  Forge  
  53  5:04  Probe  
  53  5:06  Forge  
  54  5:08  Robotics Facility, Probe  
  54  5:10  Gateway  
  54  5:12  Gateway  
  55  5:16  Adept x2  
  55  5:20  Dark Templar  
  53  5:24  Blink  
  49  5:32  Probe x2  
  49  5:33  Protoss Ground Weapons Level 1 (Chrono Boost), Protoss Ground Armor Level 1 (Chrono Boost)  
  51  5:38  Probe  
  52  5:44  Pylon  
  52  5:45  Probe  
  52  5:47  Zealot x2  
  57  5:51  Shield Battery  
  57  5:54  Pylon  
  57  5:55  Warp Prism  
  59  5:59  Zealot  
  61  6:05  Probe  
  61  6:09  Pylon  
  62  6:12  Robotics Facility  
  62  6:16  Zealot x2  
  66  6:36  Zealot x3  
  66  6:37  Zealot x2  
  76  6:46  Probe  
  75  6:52  Templar Archives  
  75  6:53  Probe x2  
  77  6:55  Pylon  
  77  6:56  Assimilator  
  77  6:58  Probe, Pylon  
  77  7:00  Assimilator  
  78  7:08  Nexus  
  78  7:09  Zealot, Pylon  
  78  7:12  Probe  
  78  7:13  Probe  
  81  7:21  Zealot  
  81  7:22  Zealot x2  
  85  7:23  Zealot  
  79  7:48  Probe x3  
  78  8:00  Probe x2  
  78  8:01  Probe  
  78  8:02  Protoss Ground Weapons Level 2 (Chrono Boost)  
  78  8:03  Zealot, Immortal (Chrono Boost)  
  78  8:04  Zealot x4  
  89  8:09  Immortal (Chrono Boost)  
  89  8:12  Probe x2, Protoss Ground Armor Level 2 (Chrono Boost)  
  91  8:13  Probe  
  88  8:25  Gateway  
  88  8:28  Gateway  
  88  8:30  Gateway  
  88  8:32  Gateway  
  88  8:34  Gateway  
  88  8:35  Gateway, Psionic Storm  
  88  8:37  Pylon  
  88  8:40  Immortal (Chrono Boost)  
  92  8:48  Photon Cannon  
  92  8:53  Pylon  
  92  8:55  Gateway  
  92  8:57  Photon Cannon  
  92  8:58  Shield Battery  
  92  9:03  High Templar x3  
  92  9:04  High Templar  
  92  9:05  Probe  
  92  9:08  Gateway  
  101  9:11  Gateway  
  101  9:13  Archon  
  101  9:14  Archon  
  101  9:17  Immortal  
  105  9:21  Immortal  
  109  9:31  Dark Templar  
  111  9:32  Dark Templar  
  113  9:42  Stalker x4  
  113  9:44  Pylon  
  119  9:55  Probe, High Templar x4  
  119  9:57  Assimilator  
  128  10:00  Pylon  
  128  10:01  Assimilator  
  128  10:10  Photon Cannon  
  128  10:12  Photon Cannon  
  128  10:13  Nexus  
  128  10:14  Pylon  
  128  10:15  Pylon  
  128  10:23  Zealot x3  
  128  10:24  Protoss Ground Weapons Level 3 (Chrono Boost), Zealot x2  
  128  10:27  Protoss Ground Armor Level 3 (Chrono Boost)  
  138  10:46  Observer  
  138  10:47  Observer  
  138  10:48  Zealot x4  
  148  10:50  Zealot x3  
  148  10:53  Zealot  
  156  11:12  Gateway  
  156  11:14  Gateway  
  156  11:16  Gateway, Stargate  
  156  11:18  Stargate  
  156  11:23  Gateway  
  134  11:55  Zealot x5  
  134  11:56  Zealot x6  
  134  11:57  Zealot x3  
  162  12:05  Probe  
  163  12:10  Oracle  
  163  12:11  Fleet Beacon  
  110  12:56  High Templar x3  
  110  12:57  High Templar x3  
  113  13:01  High Templar x4  
  113  13:03  Stalker, High Templar x2  
  113  13:04  Stalker x4  
  113  13:05  Archon x3  
  135  13:06  Archon x2  
  135  13:08  Probe x2  
  137  13:22  Protoss Shields Level 1 (Chrono Boost)  
  143  13:27  Carrier x2 (Chrono Boost)  
  140  13:39  Stargate  
  140  13:47  Stargate  
  139  13:50  Stargate  
  139  13:57  Stargate  
  139  14:01  Zealot x4  
  139  14:02  Zealot x4  
  153  14:03  Zealot x3  
  161  14:10  Assimilator  
  161  14:12  Assimilator  
  161  14:21  Stargate  
  161  14:23  Probe x3  
  161  14:24  Probe x2  
  166  14:26  Stargate  
  166  14:35  Probe  
  179  14:38  Carrier (Chrono Boost), Pylon  
  179  14:39  Carrier (Chrono Boost), Protoss Air Weapons Level 1  
  179  14:44  Dark Templar  
  180  14:58  Nexus  
  180  15:01  Photon Cannon  
  180  15:03  Photon Cannon  
  170  15:15  Carrier x3 (Chrono Boost)  
  170  15:17  Nexus  
  188  15:22  Pylon  
  166  15:41  Carrier (Chrono Boost)  
  172  15:49  Carrier (Chrono Boost)  
  172  15:51  Photon Cannon  
  172  15:55  Zealot x5  
  172  15:56  Zealot  
  157  16:37  Zealot  
  157  16:38  Zealot x2  
  157  16:39  Zealot x2  
  142  16:52  Carrier x3  
  142  16:53  Carrier  
  150  17:01  Graviton Catapult  
  111  17:39  Assimilator  
  111  17:43  Assimilator  
  111  17:50  High Templar x5  
  121  17:53  High Templar  
  64  19:20  Archon x2  
  64  19:21  Archon  
Tags
 
Add a new tag
Caveats
  • Supply blocks, unpowered buildings, or Contaminate may cause inaccurate times.
  • Supply counts are checked every 10 seconds.